 Dungeon Sprint DCSS version 0.26-a0-660-gc07710193c (webtiles) character file.

Game seed: 3316491731740952569

17952 sahdkjhfkaj the Opulent (level 12, -20/101 HPs)
             Began as a Gnoll Air Elementalist on Oct 6, 2020.
             Was an Initiate of Gozag.
             Demolished by a stone giant (39 damage)
             ... in the Dungeon (Sprint IX: "|||||||||||||||||||||||||||||").
             The game lasted 00:07:59 (5187 turns).

sahdkjhfkaj the Opulent (Gnoll Air Elementalist)    Turns: 5187, Time: 00:07:59

Health: -20/101    AC: 10    Str: 12    XL:     12   Next: 53%
Magic:  2/28       EV: 21    Int: 22    God:    Gozag
Gold:   8096       SH:  0    Dex: 15    Spells: 22/36 levels left

rFire    . . .     SeeInvis .   E - +1 demon blade (vamp)
rCold    . . .     Faith    .   (no shield)
rNeg     . . .     Spirit   .   a - +0 robe
rPois    .         Reflect  .   m - +0 helmet
rElec    .         Harm     .   l - +0 cloak
rCorr    .         Rampage  .   k - +1 pair of gloves
MR       ++...     NoTele   +   y - +0 pair of boots
Stlth    +++++.....             (no amulet)
HPRegen  0.26/turn              C - ring of protection from magic
MPRegen  0.21/turn              D - ring of protection from magic

@: no status effects
A: distributed training, fangs 1, strong nose
a: Potion Petition, Call Merchant, Bribe Branch, Renounce Religion


You were in the Dungeon.
You worshipped Gozag.
Gozag was greatly pleased with you.
You visited 1 branch You collected 9365 gold pieces.
You spent 780 gold pieces at shops.
You paid 489 gold pieces to Gozag.

Inventory:

Hand Weapons
 E - a +1 vampiric demon blade (weapon)
Armour
 a - a +0 robe (worn)
 k - a +1 pair of gloves (worn)
 l - a +0 cloak (worn)
 m - a +0 helmet (worn)
 y - a +0 pair of boots (worn)
Magical Staves
 u - an uncursed staff of death
Jewellery
 n - a +2 ring of evasion
 o - a +3 ring of intelligence
 A - an uncursed amulet of the acrobat
 B - an uncursed ring of fire
 C - a ring of protection from magic (left hand)
 D - a ring of protection from magic (right hand)
Wands
 j - a wand of iceblast (18)
 z - a wand of paralysis (4)
Scrolls
 g - 6 scrolls of remove curse
 h - 3 scrolls of blinking
 i - 2 scrolls of amnesia
 q - a scroll of enchant armour
 r - 6 scrolls of enchant weapon
 s - a scroll of fear
 v - a scroll of immolation
 F - a scroll of fog
Potions
 b - a potion of invisibility
 c - 6 potions of curing
 d - 4 potions of heal wounds
 e - a potion of haste
 f - 3 potions of magic
 p - 5 potions of stabbing
 t - a potion of mutation
 w - a potion of cancellation
 x - a potion of might


   Skills:
 + Level 11.7 Fighting
 + Level 11.7 Short Blades
 + Level 11.7 Long Blades
 + Level 11.7 Axes
 + Level 11.7 Maces & Flails
 + Level 11.7 Polearms
 + Level 11.7 Staves
 + Level 11.7 Slings
 + Level 11.7 Bows
 + Level 11.7 Crossbows
 + Level 11.7 Throwing
 + Level 11.7 Armour
 + Level 12.5 Dodging
 + Level 12.3 Stealth
 + Level 11.7 Shields
 + Level 11.7 Unarmed Combat
 + Level 12.6 Spellcasting
 + Level 10.2 Conjurations
 + Level 10.0 Hexes
 + Level 10.0 Summonings
 + Level 10.0 Necromancy
 + Level 10.0 Translocations
 + Level 10.0 Transmutations
 + Level 10.0 Fire Magic
 + Level 10.0 Ice Magic
 + Level 11.3 Air Magic
 + Level 10.0 Earth Magic
 + Level 10.0 Poison Magic
 + Level 12.6 Invocations
 + Level 11.7 Evocations


You had 22 spell levels left.
You knew the following spells:

 Your Spells              Type           Power        Failure   Level
a - Lightning Bolt        Conj/Air       ######....   1%          5
b - Shock                 Conj/Air       ####         1%          1
e - Borgnjor's Vile Clut  Necr/Erth      ######....   1%          5
s - Static Discharge      Conj/Air       ######..     1%          3

Your spell library contained the following spells:

 Spells                   Type           Power        Failure   Level
 Swiftness                Air            ######..     1%          2
 Airstrike                Air            ######....   1%          4
 Animate Dead             Necr           ######....   1%          4
 Death Channel            Necr           ######....   12%         6
 Simulacrum               Ice/Necr       ######....   12%         6


Dungeon Overview and Level Annotations

Branches:
Dungeon (1/1)

Altars:
Cheibriados
Dithmenos
Elyvilon
Fedhas
Gozag
Hepliaklqana
Kikubaaqudgha
Makhleb
Nemelex Xobeh
Okawaru
Qazlal
Ru
Sif Muna
Trog
Uskayaw
Vehumet
Wu Jian
Xom
Yredelemnul
Zin
The Shining One
Beogh
Jiyva
Lugonu

Shops:
D =?*=:


Innate Abilities, Weirdness & Mutations

Your experience applies equally to all skills.
You have very sharp teeth.
Your uncanny sense of smell can sniff out nearby items.


Message History

Unknown command.
Unknown command.
You hit the stone giant but do no damage.
The stone giant is heavily wounded.
The zombie hands constrict the yaktaur.
The yaktaur struggles to escape constriction.
You hit the stone giant.
You feel better.
The stone giant is heavily wounded.
The zombie hands constrict the yaktaur!
The stone giant barely misses you.
The yaktaur struggles to escape constriction.
You hit the stone giant but do no damage.
The stone giant is heavily wounded.
The zombie hands constrict the yaktaur.
The stone giant hits you!!
* * * LOW HITPOINT WARNING * * *
You hit the stone giant.
The stone giant is heavily wounded.
The zombie hands constrict the yaktaur.
The yaktaur escapes!
The stone giant hits you!!!
You die...
Your body crumbles into a pile of gold.

.'.........'.........'.......(...
▓▓▓▓▓▓▓▓▓▓▓▓▓▓▓▓▓▓▓▓▓▓▓▓▓▓▓▓▓▓▓▓▓
.........)..)....................
▓▓▓▓▓▓▓▓▓▓▓▓▓▓▓▓▓▓▓▓▓▓▓▓▓▓▓▓▓▓▓▓▓
..'.......).)))'.....).)))))[')..
▓▓▓▓▓▓▓▓▓▓▓▓▓▓▓▓▓▓▓▓▓▓▓▓▓▓▓▓▓▓▓▓▓
.................................
▓▓▓▓▓▓▓▓▓▓▓▓▓▓▓▓▓▓▓▓▓▓▓▓▓▓▓▓▓▓▓▓▓
'(..(..(G.{c[[[C@[[.)))))))).....
▓▓▓▓▓▓▓▓▓▓▓▓▓▓▓▓▓▓▓▓▓▓▓▓▓▓▓▓▓▓▓▓▓


You could see a stone giant and a yaktaur shaped shifter.

Vanquished Creatures
  5 ogre magi (D)
  Harold (D)
  A boulder beetle (D)
  A hydra (D)
  A two-headed ogre (D)
  An orc high priest (D)
  A fire crab (shapeshifter) (D)
  3 deep trolls (D)
  A wizard (D)
  An orc knight (D)
  A cyclops (D)
  Joseph (D)
  3 black mambas (D)
  2 rime drakes (D)
  3 komodo dragons (D)
  5 trolls (D)
  6 polar bears (D)
  A blink frog (D)
  3 yaks (D)
  2 basilisks (D)
  2 water moccasins (D)
  An acid dragon (D)
  3 black bears (D)
  9 orc warriors (D)
  An ice beast (D)
  A sky beast (D)
  An ogre (D)
  3 centaurs (D)
  A bullfrog (D)
  A big kobold (D)
  A killer bee (D)
  A wight (D)
  5 orc priests (D)
  A worker ant (D)
  4 orc wizards (D)
  An ooze (D)
  An adder zombie (D)
  An adder simulacrum (D)
  6 orcs (D)
  2 giant cockroaches (D)
  A hobgoblin (D)
  A jackal (D)
  A quokka (D)
  A jackal skeleton (D)
  A kobold (D)
  A leopard gecko zombie (D)
95 creatures vanquished.

Notes
Turn   | Place    | Note
-------+----------+-------------------------------------------
     0 | D        | sahdkjhfkaj the Gnoll Air Elementalist began the quest for
                  | the Orb.
     0 | D        | Reached XP level 1. HP: 13/13 MP: 6/6
     6 | D        | Reached skill level 5 in Spellcasting
     8 | D        | Reached skill level 1 in Invocations
     8 | D        | Reached skill level 1 in Fighting
     8 | D        | Reached skill level 1 in Short Blades
     8 | D        | Reached skill level 1 in Long Blades
     8 | D        | Reached skill level 1 in Axes
     8 | D        | Reached skill level 1 in Maces & Flails
     8 | D        | Reached skill level 1 in Polearms
     8 | D        | Reached skill level 1 in Staves
     8 | D        | Reached skill level 1 in Slings
     8 | D        | Reached skill level 1 in Bows
     8 | D        | Reached skill level 1 in Crossbows
     8 | D        | Reached skill level 1 in Throwing
     8 | D        | Reached skill level 1 in Armour
     8 | D        | Reached skill level 1 in Shields
     8 | D        | Reached skill level 1 in Unarmed Combat
     8 | D        | Reached skill level 1 in Hexes
     8 | D        | Reached skill level 1 in Summonings
     8 | D        | Reached skill level 1 in Necromancy
     8 | D        | Reached skill level 1 in Translocations
     8 | D        | Reached skill level 1 in Transmutations
     8 | D        | Reached skill level 1 in Fire Magic
     8 | D        | Reached skill level 1 in Ice Magic
     8 | D        | Reached skill level 1 in Earth Magic
     8 | D        | Reached skill level 1 in Poison Magic
     8 | D        | Reached skill level 1 in Evocations
     8 | D        | Reached XP level 2. HP: 21/21 MP: 2/8
    65 | D        | Noticed an ogre
    65 | D        | Noticed a sky beast
    74 | D        | Reached skill level 5 in Dodging
    74 | D        | Reached XP level 3. HP: 16/27 MP: 0/9
    74 | D        | Killed an ogre
    74 | D        | Reached skill level 5 in Stealth
    74 | D        | Reached XP level 4. HP: 21/35 MP: 0/12
    74 | D        | Reached XP level 5. HP: 25/41 MP: 0/13
    78 | D        | Killed a sky beast
   424 | D        | Learned a level 5 spell: Lightning Bolt
   428 | D        | Learned a level 3 spell: Static Discharge
   434 | D        | Found a roughly hewn altar of Beogh.
   434 | D        | Found a snail-covered altar of Cheibriados.
   434 | D        | Found a shadowy altar of Dithmenos.
   434 | D        | Found a white marble altar of Elyvilon.
   434 | D        | Found a blossoming altar of Fedhas.
   434 | D        | Found an opulent altar of Gozag.
   435 | D        | Found a hazy altar of Hepliaklqana.
   436 | D        | Found a viscous altar of Jiyva.
   437 | D        | Found an ancient bone altar of Kikubaaqudgha.
   438 | D        | Found a corrupted altar of Lugonu.
   439 | D        | Found a burning altar of Makhleb.
   440 | D        | Found a sparkling altar of Nemelex Xobeh.
   441 | D        | Found an iron altar of Okawaru.
   442 | D        | Became a worshipper of Gozag Ym Sagoz the Greedy
   443 | D        | Found a stormy altar of Qazlal.
   444 | D        | Found a sacrificial altar of Ru.
   445 | D        | Found a shimmering blue altar of Sif Muna.
   446 | D        | Found a bloodstained altar of Trog.
   447 | D        | Found a hide-covered altar of Uskayaw.
   448 | D        | Found a radiant altar of Vehumet.
   449 | D        | Found an ornate altar of the Wu Jian Council.
   450 | D        | Found a shimmering altar of Xom.
   451 | D        | Found a basalt altar of Yredelemnul.
   452 | D        | Found a glowing silver altar of Zin.
   453 | D        | Found a glowing golden altar of the Shining One.
   497 | D        | Noticed a yak
   497 | D        | Noticed a big kobold
   497 | D        | Noticed an ice beast
   497 | D        | Noticed a centaur
   499 | D        | Killed a centaur
   499 | D        | Reached XP level 6. HP: 44/49 MP: 10/15
   503 | D        | Killed an ice beast
   503 | D        | Reached skill level 5 in Invocations
   515 | D        | Reached skill level 5 in Fighting
   515 | D        | Reached skill level 5 in Short Blades
   515 | D        | Reached skill level 5 in Long Blades
   515 | D        | Reached skill level 5 in Axes
   515 | D        | Reached skill level 5 in Maces & Flails
   515 | D        | Reached skill level 5 in Polearms
   515 | D        | Reached skill level 5 in Staves
   515 | D        | Reached skill level 5 in Slings
   515 | D        | Reached skill level 5 in Bows
   515 | D        | Reached skill level 5 in Crossbows
   515 | D        | Reached skill level 5 in Throwing
   515 | D        | Reached skill level 5 in Armour
   515 | D        | Reached skill level 5 in Shields
   515 | D        | Reached skill level 5 in Unarmed Combat
   515 | D        | Reached skill level 5 in Evocations
   515 | D        | Reached XP level 7. HP: 37/56 MP: 2/17
   662 | D        | Killed a yak
   662 | D        | Reached skill level 5 in Conjurations
   774 | D        | Noticed a basilisk
   774 | D        | Noticed a two-headed ogre
   812 | D        | Noticed a queen bee
   812 | D        | a basilisk changed into a queen bee
   835 | D        | Noticed a polar bear
   835 | D        | a queen bee changed into a polar bear
   853 | D        | Noticed a fire crab
   853 | D        | a polar bear changed into a fire crab
   865 | D        | Killed a fire crab
   865 | D        | Reached skill level 5 in Hexes
   865 | D        | Reached skill level 5 in Summonings
   865 | D        | Reached skill level 5 in Necromancy
   865 | D        | Reached skill level 5 in Translocations
   865 | D        | Reached skill level 5 in Transmutations
   865 | D        | Reached skill level 5 in Fire Magic
   865 | D        | Reached skill level 5 in Ice Magic
   865 | D        | Reached skill level 5 in Earth Magic
   865 | D        | Reached skill level 5 in Poison Magic
   865 | D        | Reached XP level 8. HP: 60/65 MP: 4/20
   868 | D        | Killed a two-headed ogre
   868 | D        | Reached XP level 9. HP: 35/72 MP: 4/22
  1212 | D        | Noticed Joseph
  1247 | D        | Killed Joseph
  1480 | D        | Noticed a komodo dragon
  1480 | D        | Noticed a rime drake
  1480 | D        | Noticed a komodo dragon
  1480 | D        | Noticed a black mamba
  1484 | D        | Killed a komodo dragon
  1485 | D        | Killed a black mamba
  1704 | D        | Killed a rime drake
  1704 | D        | Reached XP level 10. HP: 82/82 MP: 2/23
  1925 | D        | Reached skill level 10 in Spellcasting
  2043 | D        | Bought a book of Unlife for 780 gold pieces
  2049 | D        | Learned a level 5 spell: Borgnjor's Vile Clutch
  2173 | D        | Noticed a four-headed hydra
  2173 | D        | Noticed a black mamba
  2174 | D        | Noticed a black mamba
  2177 | D        | Killed a black mamba
  2177 | D        | Reached skill level 10 in Dodging
  2177 | D        | Killed a four-headed hydra
  2177 | D        | Reached skill level 10 in Stealth
  2177 | D        | Reached skill level 10 in Invocations
  2404 | D        | Killed a black mamba
  2807 | D        | Reached XP level 11. HP: 73/89 MP: 11/25
  3036 | D        | Reached skill level 10 in Air Magic
  3234 | D        | Noticed Harold
  3254 | D        | Paralysed by Harold for 3 turns
  3265 | D        | Killed Harold
  3265 | D        | Reached skill level 10 in Fighting
  3265 | D        | Reached skill level 10 in Short Blades
  3265 | D        | Reached skill level 10 in Long Blades
  3265 | D        | Reached skill level 10 in Axes
  3265 | D        | Reached skill level 10 in Maces & Flails
  3265 | D        | Reached skill level 10 in Polearms
  3265 | D        | Reached skill level 10 in Staves
  3265 | D        | Reached skill level 10 in Slings
  3265 | D        | Reached skill level 10 in Bows
  3265 | D        | Reached skill level 10 in Crossbows
  3265 | D        | Reached skill level 10 in Throwing
  3265 | D        | Reached skill level 10 in Armour
  3265 | D        | Reached skill level 10 in Shields
  3265 | D        | Reached skill level 10 in Unarmed Combat
  3265 | D        | Reached skill level 10 in Evocations
  3586 | D        | Noticed an orc knight
  3591 | D        | Killed an orc knight
  3824 | D        | Noticed an orc high priest
  3855 | D        | Killed an orc high priest
  4142 | D        | Found Ebo Fem's Jewellery Boutique.
  4142 | D        | Noticed an ogre mage
  4142 | D        | Noticed a deep troll
  4143 | D        | Noticed an ogre mage
  4144 | D        | Noticed an ogre mage
  4145 | D        | Killed an ogre mage
  4146 | D        | Killed a deep troll
  4146 | D        | Killed an ogre mage
  4146 | D        | Reached XP level 12. HP: 74/100 MP: 11/27
  4152 | D        | Noticed an ogre mage
  4455 | D        | Killed an ogre mage
  4601 | D        | Killed an ogre mage
  4743 | D        | Reached skill level 10 in Conjurations
  4744 | D        | Noticed an ogre mage
  4768 | D        | Killed an ogre mage
  4912 | D        | Found Birghab's General Store.
  4916 | D        | Found Luujurghy's Magic Scroll Boutique.
  4920 | D        | Found Hanoele's Jewellery Shop.
  5092 | D        | Noticed a boulder beetle
  5097 | D        | Killed a boulder beetle
  5097 | D        | Reached skill level 10 in Hexes
  5097 | D        | Reached skill level 10 in Summonings
  5097 | D        | Reached skill level 10 in Necromancy
  5097 | D        | Reached skill level 10 in Translocations
  5097 | D        | Reached skill level 10 in Transmutations
  5097 | D        | Reached skill level 10 in Fire Magic
  5097 | D        | Reached skill level 10 in Ice Magic
  5097 | D        | Reached skill level 10 in Earth Magic
  5097 | D        | Reached skill level 10 in Poison Magic
  5107 | D        | Noticed an ogre mage
  5109 | D        | Noticed a stone giant
  5129 | D        | Noticed a great orb of eyes
  5135 | D        | Noticed a deep troll shaman
  5144 | D        | Noticed a fire dragon
  5187 | D        | Demolished by a stone giant

Illustrated notes

Levels and vault maps discovered:
D:        linesprint [early_d, line_temple, items_1, d_10, items_2, lair_1,
          lair_end, items_3, orc_1, orc_end, items_4, d_15, swamp_1, shoals_1,
          snake_1, spider_1, d_20, vaults_1, items_5, swamp_end, shoals_end,
          snake_end, spider_end, vaults_end, d_27, items_6, zot_1, zot_end,
          crypt_end, forest_end, elf_end, slime_end, tomb_end, abyss_end,
          pan_hell_end]

Skill      XL: |  1  2  3  4  5  6  7  8  9 10 11 12 |
---------------+-------------------------------------+-----
Conjurations   | 2 3 4 6 7 8 9 10 | 10.2
Spellcasting   | 5 6 7 8 9 10 11 12 | 12.6
Invocations    | 1 2 3 4 5 7 8 9 10 11 12 | 12.6
Fighting       | 1 2 3 4 5 6 7 8 9 11 | 11.7
Short Blades   | 1 2 3 4 5 6 7 8 9 11 | 11.7
Long Blades    | 1 2 3 4 5 6 7 8 9 11 | 11.7
Axes           | 1 2 3 4 5 6 7 8 9 11 | 11.7
Maces & Flails | 1 2 3 4 5 6 7 8 9 11 | 11.7
Polearms       | 1 2 3 4 5 6 7 8 9 11 | 11.7
Staves         | 1 2 3 4 5 6 7 8 9 11 | 11.7
Slings         | 1 2 3 4 5 6 7 8 9 11 | 11.7
Bows           | 1 2 3 4 5 6 7 8 9 11 | 11.7
Crossbows      | 1 2 3 4 5 6 7 8 9 11 | 11.7
Throwing       | 1 2 3 4 5 6 7 8 9 11 | 11.7
Armour         | 1 2 3 4 5 6 7 8 9 11 | 11.7
Shields        | 1 2 3 4 5 6 7 8 9 11 | 11.7
Unarmed Combat | 1 2 3 4 5 6 7 8 9 11 | 11.7
Hexes          | 1 2 3 4 5 6 7 8 9 10 | 10.0
Summonings     | 1 2 3 4 5 6 7 8 9 10 | 10.0
Necromancy     | 1 2 3 4 5 6 7 8 9 10 | 10.0
Translocations | 1 2 3 4 5 6 7 8 9 10 | 10.0
Transmutations | 1 2 3 4 5 6 7 8 9 10 | 10.0
Fire Magic     | 1 2 3 4 5 6 7 8 9 10 | 10.0
Ice Magic      | 1 2 3 4 5 6 7 8 9 10 | 10.0
Earth Magic    | 1 2 3 4 5 6 7 8 9 10 | 10.0
Poison Magic   | 1 2 3 4 5 6 7 8 9 10 | 10.0
Evocations     | 1 2 3 4 5 6 7 8 9 11 | 11.7
Dodging        | 5 6 8 9 10 11 12 | 12.5
Stealth        | 5 6 8 9 10 11 12 | 12.3
Air Magic      | 6 7 8 9 10 11 | 11.3

Action                   |  1- 3 |  4- 6 |  7- 9 | 10-12 || total
-------------------------+-------+-------+-------+-------++-------
Melee: Unarmed           |       |     3 |       |       ||     3
       Scimitar          |       |    10 |     7 |    10 ||    27
       Bite              |       |     2 |     1 |     6 ||     9
       Staff             |       |       |       |    14 ||    14
       Punch             |       |       |       |     1 ||     1
       Demon blade       |       |       |       |     8 ||     8
 Cast: Shock             |    11 |     2 |       |       ||    13
       Static Discharge  |       |     4 |     2 |     1 ||     7
       Lightning Bolt    |       |       |    21 |    50 ||    71
       Borgnjor's Vile C |       |       |       |    30 ||    30
Invok: Call Merchant     |       |       |     1 |       ||     1
  Use: Potion            |     1 |     1 |     1 |     2 ||     5
Armor: Robe              |     1 |     1 |     1 |     4 ||     7
Dodge: Dodged            |    10 |    14 |    17 |    40 ||    81
       Rpst.: Scimitar   |       |     4 |     4 |     2 ||    10
       Demon blade       |       |       |       |     3 ||     3

Table legend: (Time is in decaauts)
 A = Elapsed time spent in this place.
 B = Non-inter-level travel time spent in this place.
 C = Inter-level travel time spent in this place.
 D = Time resting spent in this place.
 E = Time spent auto-exploring this place.
 F = Levels seen in this place.
 G = Mean time per level.
                   A        B        C        D        E       F      G
               +--------+--------+--------+--------+--------+-----+--------+
         Total |   5181 |   5072 |    109 |   2241 |   1704 |   1 | 5181.0 |
       Dungeon |   5181 |   5072 |    109 |   2241 |   1704 |   1 | 5181.0 |
               +--------+--------+--------+--------+--------+-----+--------+

Top non-repeatable levels by time:
       D: 5181 daAuts
